 Dungeon Crawl Stone Soup version 0.20.1-1-g8b1a95d66d (webtiles) character file.

123 Gargoyl the Skirmisher (level 4, -3/40 HPs)
             Began as a Centaur Abyssal Knight on Dec 7, 2017.
             Was a Believer of Lugonu.
             Succumbed to an orc wizard's poison
             ... on level 3 of the Dungeon.
             The game lasted 00:05:45 (2184 turns).

Gargoyl the Skirmisher (Centaur Abyssal Knight)     Turns: 2184, Time: 00:05:46

Health: -3/40      AC: 12    Str: 14 (15) XL:     4   Next: 80%
Magic:  6/6        EV:  4    Int:  8 (11) God:    Lugonu [**....]
Gold:   209        SH:  0    Dex:  8 (9)  Spells: 3/3 levels left

rFire    + . .     SeeInvis .   a - +1 hand axe
rCold    . . .     Gourm    .   (no shield)
rNeg     . . .     Faith    .   k - +1 chain mail (curse)
rPois    .         Spirit   .   (no helmet)
rElec    .         Reflect  .   b - +2 cloak
rCorr    .         Harm     .   (no gloves)
MR       .....                  (no barding)
Stlth    ..........             (no amulet)
Regen    0.2/turn               e - ring of protection from fire
MPRegen  0.1/turn               (no ring)

@: lethally poisoned (-3 -> -37), flying, very slightly contaminated, slowed,
invisible
A: hooves 3, deformed body, speed 2, tough skin 3
a: Depart the Abyss, Bend Space, Renounce Religion


You were on level 3 of the Dungeon.
You worshipped Lugonu.
Lugonu was pleased with you.
You were hungry.

You visited 1 branch of the dungeon, and saw 3 of its levels.
You visited the Abyss 1 time.

You collected 209 gold pieces.

Inventory:

Hand Weapons
 a - a +1 hand axe (weapon)
Missiles
 r - 11 tomahawks (quivered)
Armour
 b - a +2 cloak (worn)
 k - a cursed +1 chain mail (worn)
 u - a +2 ring mail of fire resistance
Jewellery
 e - a ring of protection from fire (left hand)
 j - an uncursed amulet of regeneration {unknown}
Wands
 s - a wand of scattershot (4/9)
Scrolls
 l - a scroll of teleportation
 n - a scroll of fear
Potions
 f - a potion of invisibility
 i - a potion of magic
 m - a potion of agility {unknown}
 p - a potion of curing {unknown}
Comestibles
 c - 4 bread rations
 d - 2 meat rations


   Skills:
 + Level 3.8 Fighting
 + Level 2.4 Axes
 * Level 2.5 Armour
 + Level 0.8 Dodging
 * Level 2.9 Invocations


You had 3 spell levels left.
You didn't know any spells.

Dungeon Overview and Level Annotations

Branches:
Dungeon (3/15)

Altars:
Sif Muna


Innate Abilities, Weirdness & Mutations

You have hooves in place of feet.
Armour fits poorly on your strangely shaped body.
You cover ground very quickly.
You have extremely tough skin. (AC +3)


Message History

The orc wizard hits you but does no damage.
You are more poisoned.
The orc wizard hits you but does no damage.
The orc hits you but does no damage.
The orc wizard hits you but does no damage. x2
You are more poisoned.
You are very lightly contaminated with residual magic.
It was a potion of flight.
You feel very buoyant.
You fly up into the air.
* * * LOW HITPOINT WARNING * * *
You feel very sick. The orc barely misses you.
The orc wizard hits you but does no damage.
The orc wizard begins to cast a cantrip, but forgets the words!
The orc barely misses you.
It was a potion of degeneration.
There was something very wrong with that liquid.
You feel weakened.
You feel dopey.
You feel clumsy.
You die...

##.######
######...#####
#.............
#.####...####.
#.#####.## #
#.......# #
#..###### #
#.(# # #o@# #
#oo# ## #..#
#. #... ##
#... # #..##
## #..# #.
#..# ## #..
###


You could see 2 orc wizards and an orc.

Vanquished Creatures
  Ijyb (D:3)
  2 adders
  2 oozes
  A worm (D:2)
  A dart slug (D:2)
  2 orcs (D:3)
  3 giant cockroaches
  9 goblins
  4 hobgoblins (D:1)
  11 jackals
  A quokka (D:3)
  7 bats
  3 frilled lizards
  8 kobolds
  8 rats
63 creatures vanquished.

Notes
Turn   | Place    | Note
-------+----------+-------------------------------------------
     0 | Abyss:1  | Gargoyl the Centaur Abyssal Knight began the quest for the Orb.
     0 | Abyss:1  | Reached XP level 1. HP: 19/19 MP: 2/2
    54 | Abyss:1  | Found a stormy altar of Qazlal.
    91 | Abyss:1  | Noticed a large abomination
   110 | Abyss:1  | Noticed a ynoxinul
   111 | D:1      | Escaped the Abyss
   419 | D:1      | Reached XP level 2. HP: 26/26 MP: 3/3
   561 | D:1      | Reached * piety under Lugonu
   945 | D:2      | Reached XP level 3. HP: 31/31 MP: 4/4
  1430 | D:2      | Reached ** piety under Lugonu
  1682 | D:3      | Reached XP level 4. HP: 39/39 MP: 5/5
  1824 | D:3      | Found a faded altar of an unknown god.
  1855 | D:3      | Noticed Ijyb
  1875 | D:3      | Killed Ijyb
  2040 | D:3      | Found a deep blue altar of Sif Muna.
  2183 | D:3      | HP: 1/40 [poisoned by an orc wizard]
  2184 | D:3      | Succumbed to an orc wizard's poison

Skill      XL: |  1  2  3 |
---------------+----------+-----
Axes           | 2 |  2.4
Armour         | 2 |  2.5
Fighting       | |  3.8
Dodging        | |  0.8
Invocations    | |  2.9

Action                   |  1- 3 |  4- 6 || total
-------------------------+-------+-------++-------
Melee: Hand axe          |   113 |    66 ||   179
       Kick              |    19 |    16 ||    35
Invok: Depart the Abyss  |     1 |       ||     1
  Use: Scroll            |     3 |     3 ||     6
       Potion            |       |     4 ||     4
  Eat: Chunk             |     1 |     1 ||     2
Armor: Leather armour    |    16 |       ||    16
       Chain mail        |    97 |    67 ||   164
Dodge: Dodged            |    45 |    19 ||    64
